[Event "17th Aeroflot Open-A 2019"]
[Site "Moscow"]
[Date "2019.02.23"]
[Round "5.35"]
[White "Flom, Gabriel"]
[Black "Lalith Babu M R"]
[Result "1/2-1/2"]
[ECO "E48"]
[WhiteElo "2460"]
[BlackElo "2556"]
[Annotator "ChessBase"]
[PlyCount "108"]
[EventDate "2019.02.19"]
[EventCountry "RUS"]
[SourceTitle "playchess.com"]
[Source "ChessBase"]
[SourceQuality "1"]
[TimeControl "40/5400+30:1800+30"]

1. d4 Nf6 2. c4 e6 3. Nc3 Bb4 4. e3 O-O 5. Bd3 d5 6. cxd5 exd5 7. Nge2 Re8 8. O-O b6 9. f3 Bb7 10. g4 c5 11. a3 Bxc3 12. bxc3 Ba6 13. Ng3 Bxd3 14. Qxd3 Nc6 15. Ra2 Rc8 16. h4 Qc7 17. Rg2 Ne7 18. g5 Nd7 19. h5 cxd4 20. cxd4 Qc4 21. Qb1 Rc6 22. Bd2 Qc2 23. Qxc2 Rxc2 24. Bb4 Rc6 25. Rff2 g6 26. Rc2 Rxc2 27. Rxc2 Rc8 28. Rxc8+ Nxc8 29. hxg6 hxg6 30. Ne2 a5 31. Bd2 f6 32. Nc3 Ne7 33. gxf6 Nxf6 34. Be1 g5 35. Bg3 g4 36. Kf2 gxf3 37. Kxf3 Kf7 38. Bc7 Nd7 39. Bd8 Nc6 40. Bc7 Ke6 41. Ke2 Ne7 42. Kd3 Kf5 43. Nb5 Ke6 44. Bd8 Nc8 45. Bc7 Ne7 46. Na7 Kf5 47. Ke2 Ke6 48. Kf3 Kf5 49. Bd8 Ke6 50. Kf4 Ng6+ 51. Kf3 Ne7 52. Nb5 Nc8 53. Bh4 Nf8 54. Bg3 Kd7 {[%emt 0:01:12] Ke4} 1/2-1/2

[Event "17th Aeroflot Open-A 2019"]
[Site "Moscow"]
[Date "2019.02.23"]
[Round "5.37"]
[White "Harika, Dronavalli"]
[Black "Narayanan, Srinath"]
[Result "1/2-1/2"]
[ECO "A35"]
[WhiteElo "2471"]
[BlackElo "2572"]
[Annotator "ChessBase"]
[PlyCount "30"]
[EventDate "2019.02.19"]
[EventCountry "RUS"]
[SourceTitle "playchess.com"]
[Source "ChessBase"]
[SourceQuality "1"]
[TimeControl "40/5400+30:1800+30"]

1. Nf3 c5 2. c4 Nc6 3. Nc3 Nf6 4. g3 d5 5. cxd5 Nxd5 6. Nxd5 Qxd5 7. Bg2 g6 8. O-O Bg7 9. d3 O-O 10. Be3 Bd7 11. Nd4 Qd6 12. Nxc6 Bxc6 13. Bxc6 Qxc6 14. Rc1 Qa6 15. Rxc5 b6 1/2-1/2

[Event "17th Aeroflot Open-A 2019"]
[Site "Moscow"]
[Date "2019.02.23"]
[Round "5.38"]
[White "Warmerdam, Max"]
[Black "Ghaem Maghami, Ehsan"]
[Result "1/2-1/2"]
[ECO "B13"]
[WhiteElo "2450"]
[BlackElo "2540"]
[Annotator "ChessBase"]
[PlyCount "59"]
[EventDate "2019.02.19"]
[EventCountry "RUS"]
[SourceTitle "playchess.com"]
[Source "ChessBase"]
[SourceQuality "1"]
[TimeControl "40/5400+30:1800+30"]

1. e4 c6 2. d4 d5 3. exd5 cxd5 4. Bd3 Nc6 5. c3 Nf6 6. Bf4 g6 7. Nf3 Bg4 8. Nbd2 Qc8 9. O-O Bg7 10. Re1 O-O 11. h3 Bf5 12. Bb5 Re8 13. Nh4 Bd7 14. Bd3 Qd8 15. Bh2 e6 16. Nhf3 a6 17. a4 Bc8 18. Nb3 Nd7 19. a5 b6 20. axb6 Qxb6 21. Ra2 Bb7 22. Bf1 a5 23. Bf4 Ba6 24. Bxa6 Rxa6 25. Nbd2 Qb7 26. Qa4 Rb6 27. Rea1 Rc8 28. Rb1 Rb5 29. Qd1 a4 30. Ne1 1/2-1/2

[Event "17th Aeroflot Open-A 2019"]
[Site "Moscow"]
[Date "2019.02.23"]
[Round "5.40"]
[White "Arjun Kalyan"]
[Black "Praggnanandhaa R"]
[Result "0-1"]
[ECO "B66"]
[WhiteElo "2444"]
[BlackElo "2532"]
[Annotator "ChessBase"]
[PlyCount "100"]
[EventDate "2019.02.19"]
[EventCountry "RUS"]
[SourceTitle "playchess.com"]
[Source "ChessBase"]
[SourceQuality "1"]
[TimeControl "40/5400+30:1800+30"]

1. e4 c5 2. Nf3 Nc6 3. d4 cxd4 4. Nxd4 Nf6 5. Nc3 d6 6. Bg5 e6 7. Qd2 a6 8. O-O-O Be7 9. f3 Nxd4 10. Qxd4 O-O 11. h4 b5 12. Qd2 Bb7 13. Ne2 Rc8 14. Nd4 Nd7 15. Kb1 Re8 16. Nb3 d5 17. Na5 Ba8 18. exd5 Bxd5 19. c4 bxc4 20. Bxc4 Nf6 21. Bxd5 Nxd5 22. Bxe7 Rxe7 23. Rc1 Rec7 24. Rxc7 Rxc7 25. Nb3 h6 26. Qd4 Qd6 27. Rc1 Rxc1+ 28. Nxc1 Qg3 29. Qc4 Qxg2 30. Qc8+ Kh7 31. Qxa6 Qxf3 32. Qd3+ Qxd3+ 33. Nxd3 g5 34. hxg5 hxg5 35. Kc2 Kg6 36. a4 Kf5 37. Kd2 Ke4 38. a5 Nc7 39. Ke2 Kd4 40. Ne1 g4 41. Kf2 Kc4 42. Kg3 f5 43. Ng2 Kb5 44. Kf4 Kxa5 45. Ke5 Kb6 46. Kd6 Nd5 47. Kxe6 f4 48. Kxd5 f3 49. Ne3 g3 50. Nc4+ Kc7 0-1

[Event "17th Aeroflot Open-A 2019"]
[Site "Moscow"]
[Date "2019.02.24"]
[Round "6.37"]
[White "Prithu Gupta"]
[Black "Moroni, Luca Jr"]
[Result "1/2-1/2"]
[ECO "A06"]
[WhiteElo "2470"]
[BlackElo "2567"]
[Annotator "RC"]
[PlyCount "47"]
[EventDate "2019.02.19"]
[EventCountry "RUS"]
[SourceTitle "playchess.com"]
[Source "ChessBase"]
[SourceQuality "1"]
[TimeControl "40/5400+30:1800+30"]

1. Nf3 d5 2. g3 Nf6 3. Bg2 e6 4. O-O b5 5. d3 Bb7 6. Nbd2 c5 7. e4 Nc6 8. Re1 Be7 9. Qe2 Qb6 10. a4 b4 11. exd5 Nxd5 12. a5 Qa6 13. Nc4 O-O 14. Bd2 Bf6 15. Rab1 Rad8 16. Be3 Qb5 17. Ra1 h6 18. Nfd2 Rd7 19. Nb3 Be7 20. Bd2 Rfd8 21. Qg4 Nf6 22. Qe2 Nd5 23. Qg4 Nf6 24. Qe2 1/2-1/2

[Event "17th Aeroflot Open-A 2019"]
[Site "Moscow"]
[Date "2019.02.25"]
[Round "7.29"]
[White "Svane, Rasmus"]
[Black "Stupak, Kirill"]
[Result "1/2-1/2"]
[ECO "C09"]
[WhiteElo "2599"]
[BlackElo "2537"]
[Annotator "RC"]
[PlyCount "36"]
[EventDate "2019.02.19"]
[EventCountry "RUS"]
[SourceTitle "playchess.com"]
[Source "ChessBase"]
[SourceQuality "1"]
[TimeControl "40/5400+30:1800+30"]

1. e4 e6 2. d4 d5 3. Nd2 c5 4. Ngf3 Nc6 5. exd5 exd5 6. Bb5 Bd6 7. dxc5 Bxc5 8. O-O Nge7 9. Nb3 Bb6 10. Re1 O-O 11. Be3 Bxe3 12. Rxe3 Bg4 13. h3 Bh5 14. Qd2 Bxf3 15. Rxf3 Qb6 16. Bxc6 bxc6 17. Re1 Ng6 18. Qe3 f6 1/2-1/2

[Event "17th Aeroflot Open-A 2019"]
[Site "Moscow"]
[Date "2019.02.26"]
[Round "8.2"]
[White "Martirosyan, Haik M."]
[Black "Sarana, Alexey"]
[Result "1/2-1/2"]
[ECO "B51"]
[WhiteElo "2616"]
[BlackElo "2630"]
[Annotator "RC"]
[PlyCount "62"]
[EventDate "2019.02.19"]
[EventCountry "RUS"]
[SourceTitle "playchess.com"]
[Source "ChessBase"]
[SourceQuality "1"]
[TimeControl "40/5400+30:1800+30"]

1. e4 c5 2. Nf3 d6 3. Bb5+ Nd7 4. c3 Ngf6 5. Bd3 e6 6. Bc2 b5 7. O-O Bb7 8. Re1 c4 9. d4 cxd3 10. Qxd3 a6 11. Qe2 Be7 12. Nbd2 O-O 13. Nb3 Qc7 14. a4 Rfb8 15. Bg5 h6 16. Bh4 e5 17. axb5 axb5 18. Bd3 Ra4 19. Nbd2 Bc6 20. b4 Rxa1 21. Rxa1 d5 22. Rd1 dxe4 23. Nxe4 Bxe4 24. Bxe4 Nxe4 25. Qxe4 Bxh4 26. Nxh4 Nf6 27. Qe3 Rc8 28. Nf5 Kh7 29. Qg3 g6 30. Qh4 Nh5 31. Ne7 Qc4 1/2-1/2

[Event "17th Aeroflot Open-A 2019"]
[Site "Moscow"]
[Date "2019.02.26"]
[Round "8.3"]
[White "Tabatabaei, M.amin"]
[Black "Petrosian, Tigran L."]
[Result "1/2-1/2"]
[ECO "D37"]
[WhiteElo "2590"]
[BlackElo "2595"]
[Annotator "RC"]
[PlyCount "82"]
[EventDate "2019.02.19"]
[EventCountry "RUS"]
[SourceTitle "playchess.com"]
[Source "ChessBase"]
[SourceQuality "1"]
[TimeControl "40/5400+30:1800+30"]

1. d4 d5 2. c4 e6 3. Nc3 Be7 4. Nf3 Nf6 5. Bf4 O-O 6. e3 Nbd7 7. a3 dxc4 8. Bxc4 a6 9. b4 a5 10. b5 c5 11. bxc6 bxc6 12. O-O Nd5 13. Ne4 Nxf4 14. exf4 c5 15. dxc5 Nxc5 16. Qc2 Nxe4 17. Qxe4 Ba6 18. Rfd1 Qc8 19. Bxa6 Qxa6 20. a4 Bf6 21. Rab1 Rfc8 22. Ne5 Bxe5 23. Qxe5 Qc4 24. Qd4 Qxd4 25. Rxd4 Rab8 26. Rxb8 Rxb8 27. Kf1 g6 28. Rc4 Rb1+ 29. Ke2 Ra1 30. g3 Ra3 31. h4 h5 32. Rd4 Kf8 33. Rc4 Ke7 34. Rc7+ Ke8 35. Rc4 Kd7 36. Rd4+ Ke7 37. Kd2 Kf6 38. Ke2 Kf5 39. Kf1 e5 40. Rd5 Rxa4 41. Rxe5+ Kf6 1/2-1/2

[Event "17th Aeroflot Open-A 2019"]
[Site "Moscow"]
[Date "2019.02.26"]
[Round "8.17"]
[White "Sadhwani, Raunak"]
[Black "Grachev, Boris"]
[Result "1/2-1/2"]
[ECO "B46"]
[WhiteElo "2448"]
[BlackElo "2626"]
[Annotator "ChessBase"]
[PlyCount "26"]
[EventDate "2019.02.19"]
[EventCountry "RUS"]
[SourceTitle "playchess.com"]
[Source "ChessBase"]
[SourceQuality "1"]
[TimeControl "40/5400+30:1800+30"]

1. e4 c5 2. Nf3 e6 3. d4 cxd4 4. Nxd4 Nc6 5. Nc3 a6 6. Nxc6 bxc6 7. Bd3 d5 8. O-O Nf6 9. Qf3 Be7 10. Qg3 Nh5 11. Qf3 Nf6 12. Qg3 Nh5 13. Qf3 Nf6 1/2-1/2

[Event "17th Aeroflot Open-A 2019"]
[Site "Moscow"]
[Date "2019.02.26"]
[Round "8.21"]
[White "Xu, Yi"]
[Black "Narayanan.S.L"]
[Result "1/2-1/2"]
[ECO "C47"]
[WhiteElo "2520"]
[BlackElo "2593"]
[Annotator "ChessBase"]
[PlyCount "23"]
[EventDate "2019.02.19"]
[EventCountry "RUS"]
[SourceTitle "playchess.com"]
[Source "ChessBase"]
[SourceQuality "1"]
[TimeControl "40/5400+30:1800+30"]

1. e4 e5 2. Nf3 Nc6 3. Nc3 Nf6 4. d4 exd4 5. Nxd4 Bb4 6. Nxc6 bxc6 7. Bd3 d5 8. exd5 cxd5 9. O-O O-O 10. Bg5 c6 11. Qf3 Be7 12. Rae1 1/2-1/2

[Event "17th Aeroflot Open-A 2019"]
[Site "Moscow"]
[Date "2019.02.26"]
[Round "8.38"]
[White "Ghaem Maghami, Ehsan"]
[Black "Harika, Dronavalli"]
[Result "1/2-1/2"]
[ECO "E04"]
[WhiteElo "2540"]
[BlackElo "2471"]
[Annotator "ChessBase"]
[PlyCount "33"]
[EventDate "2019.02.19"]
[EventCountry "RUS"]
[SourceTitle "playchess.com"]
[Source "ChessBase"]
[SourceQuality "1"]
[TimeControl "40/5400+30:1800+30"]

1. c4 e6 2. Nf3 d5 3. d4 Nf6 4. g3 dxc4 5. Bg2 Bb4+ 6. Bd2 a5 7. Qc2 Bxd2+ 8. Qxd2 c6 9. a4 Ne4 10. Qf4 Qb6 11. Ne5 f6 12. Nxc4 Qb4+ 13. Nbd2 Nxd2 14. Nxd2 Nd7 15. Qe3 Nb6 16. Qc3 Nd5 17. Qxb4 1/2-1/2

[Event "17th Aeroflot Open-A 2019"]
[Site "Moscow"]
[Date "2019.02.26"]
[Round "8.39"]
[White "Prithu Gupta"]
[Black "Debashis, Das"]
[Result "1/2-1/2"]
[ECO "A13"]
[WhiteElo "2470"]
[BlackElo "2532"]
[Annotator "ChessBase"]
[PlyCount "29"]
[EventDate "2019.02.19"]
[EventCountry "RUS"]
[SourceTitle "playchess.com"]
[Source "ChessBase"]
[SourceQuality "1"]
[TimeControl "40/5400+30:1800+30"]

1. c4 e6 2. Nc3 d5 3. cxd5 exd5 4. d4 c6 5. Bf4 Bd6 6. Bg3 Ne7 7. e3 O-O 8. Bd3 Bf5 9. Nge2 Bxd3 10. Qxd3 Na6 11. O-O Nc7 12. Rab1 a5 13. Na4 Ne6 14. Rfc1 Nc8 15. Qc2 1/2-1/2

[Event "17th Aeroflot Open-A 2019"]
[Site "Moscow"]
[Date "2019.02.27"]
[Round "9.2"]
[White "Petrosian, Tigran L."]
[Black "Martirosyan, Haik M."]
[Result "0-1"]
[ECO "C50"]
[WhiteElo "2595"]
[BlackElo "2616"]
[Annotator "ChessBase"]
[PlyCount "92"]
[EventDate "2019.02.19"]
[EventCountry "RUS"]
[SourceTitle "playchess.com"]
[Source "ChessBase"]
[SourceQuality "1"]
[TimeControl "40/5400+30:1800+30"]

1. e4 e5 2. Nf3 Nc6 3. Bc4 Bc5 4. d3 Nf6 5. Bg5 h6 6. Bh4 a6 7. a4 d6 8. c3 Ba7 9. O-O Qe7 10. Nbd2 g5 11. Bg3 Nd7 12. Bd5 h5 13. h4 g4 14. Ne1 Nf8 15. d4 Ng6 16. Nc4 exd4 17. Nd3 Nce5 18. cxd4 Nxc4 19. Bxc4 Bxd4 20. Nf4 c5 21. Nxg6 fxg6 22. b4 Be6 23. bxc5 dxc5 24. Bxe6 Qxe6 25. Rb1 b6 26. Qb3 c4 27. Qb4 Bc5 28. Qc3 O-O 29. Rfc1 Rad8 30. Rc2 Rd4 31. Re1 b5 32. axb5 axb5 33. Qa5 Qc6 34. Rb1 b4 35. Rxb4 Bxb4 36. Qxb4 Qxe4 37. Ra2 Qe6 38. Kh2 Rd7 39. Rc2 Rc8 40. Qc3 Rd3 41. Qa5 Rd1 42. Qg5 c3 43. Qh6 Qf5 44. Re2 c2 45. Be5 Rh1+ 46. Kg3 Rh3+ 0-1

[Event "17th Aeroflot Open-A 2019"]
[Site "Moscow"]
[Date "2019.02.27"]
[Round "9.3"]
[White "Kulaots, Kaido"]
[Black "Khismatullin, Denis"]
[Result "1-0"]
[ECO "C41"]
[WhiteElo "2542"]
[BlackElo "2621"]
[Annotator "ChessBase"]
[PlyCount "151"]
[EventDate "2019.02.19"]
[EventCountry "RUS"]
[SourceTitle "playchess.com"]
[Source "ChessBase"]
[SourceQuality "1"]
[TimeControl "40/5400+30:1800+30"]

1. e4 d6 2. d4 Nf6 3. Nc3 e5 4. Nf3 Nbd7 5. Bc4 Be7 6. O-O O-O 7. Re1 c6 8. a4 h6 9. h3 Re8 10. Be3 Qc7 11. Ba2 Nf8 12. Nh4 exd4 13. Bxd4 N6h7 14. Nf3 Be6 15. Bxe6 Nxe6 16. Be3 Bf6 17. Qd2 Nhg5 18. Nxg5 hxg5 19. a5 Qe7 20. Rad1 Be5 21. b3 Qf6 22. Ne2 c5 23. Qd3 Rad8 24. Qc4 Nf4 25. Bxf4 gxf4 26. Rd3 d5 27. exd5 Bc7 28. a6 Rxe2 29. Rxe2 Qa1+ 30. Kh2 f3+ 31. d6 fxe2 32. dxc7 Qe5+ 33. f4 Qxc7 34. Rxd8+ Qxd8 35. Qxe2 bxa6 36. Qxa6 Qd4 37. Qc8+ Kh7 38. Qf5+ Kg8 39. Qc8+ Kh7 40. Qf5+ Kg8 41. Qe5 Qf2 42. Qe8+ Kh7 43. Qxf7 Qxc2 44. Qxa7 Qxb3 45. Qxc5 Qb8 46. Kg3 Qd8 47. Qh5+ Kg8 48. Qe5 Kh7 49. Qf5+ Kg8 50. Kg4 Qd1+ 51. Kg5 Qd8+ 52. Kh5 Qe8+ 53. Qg6 Qe2+ 54. Kh4 Qe1+ 55. g3 Qe7+ 56. Qg5 Qe4 57. Qd8+ Kh7 58. Qd6 Qe1 59. f5 Qf2 60. Qe6 Kh8 61. Kg4 Kh7 62. h4 Kh8 63. Qe8+ Kh7 64. Qg6+ Kh8 65. Kh5 Qe2+ 66. g4 Qf3 67. Qe6 Kh7 68. Kg5 Qc3 69. Kh5 Qf3 70. Qe5 Qd3 71. Qe8 Qf3 72. Qg6+ Kh8 73. f6 gxf6 74. Qf7 Qf4 75. Qe8+ Kg7 76. Qg6+ 1-0

[Event "17th Aeroflot Open-A 2019"]
[Site "Moscow"]
[Date "2019.02.27"]
[Round "9.4"]
[White "Sarana, Alexey"]
[Black "Chigaev, Maksim"]
[Result "1/2-1/2"]
[ECO "E65"]
[WhiteElo "2630"]
[BlackElo "2613"]
[Annotator "ChessBase"]
[PlyCount "159"]
[EventDate "2019.02.19"]
[EventCountry "RUS"]
[SourceTitle "playchess.com"]
[Source "ChessBase"]
[SourceQuality "1"]
[TimeControl "40/5400+30:1800+30"]

1. d4 Nf6 2. c4 d6 3. Nc3 g6 4. Nf3 Bg7 5. g3 O-O 6. Bg2 c5 7. O-O Nc6 8. dxc5 dxc5 9. Be3 b6 10. Qa4 Bd7 11. Qc2 Rc8 12. Rad1 Ng4 13. Bc1 Nd4 14. Qd2 Bc6 15. Qg5 h5 16. Nxd4 cxd4 17. Nd5 Nf6 18. Rxd4 Bxd5 19. cxd5 Nh7 20. Qe3 Bxd4 21. Qxd4 e5 22. Qxe5 Re8 23. Qd4 Rxe2 24. Bd2 Qf6 25. Qd3 Ree8 26. Bh3 Rcd8 27. Bc3 Qd6 28. Qd4 f6 29. Rd1 Ng5 30. Bg2 Kg7 31. a4 Nf7 32. a5 Ne5 33. h3 Nd7 34. Ra1 Re7 35. Qc4 Ne5 36. Qb3 Nd7 37. Qb5 Nc5 38. Rc1 h4 39. gxh4 Qf4 40. Ra1 Rd6 41. axb6 axb6 42. Qb4 Qxb4 43. Bxb4 Re2 44. Bc3 Ne4 45. Ra7+ Kg8 46. Ra8+ Kf7 47. Ra7+ Ke8 48. Bd4 Rxd5 49. Bxb6 f5 50. b4 Rb5 51. Bc5 Kd8 52. Bxe4 Rxe4 53. Rg7 Re6 54. Kg2 Kc8 55. Kg3 Rb7 56. Rg8+ Kd7 57. Kf4 Kc6 58. h5 gxh5 59. Kxf5 Re1 60. Rg6+ Kd5 61. Rd6+ Kc4 62. Rd4+ Kb5 63. Rh4 Rf7+ 64. Kg6 Rf3 65. Rxh5 Rg1+ 66. Kh7 Rf7+ 67. Kh8 Kc4 68. h4 Rd1 69. Kg8 Rf4 70. Be3 Rg4+ 71. Bg5 Rf1 72. b5 Rxf2 73. b6 Rf6 74. b7 Rb6 75. Rh7 Kb5 76. Rf7 Ka6 77. Kg7 Rxb7 78. Rxb7 Kxb7 79. Kg6 Rxh4 80. Bxh4 1/2-1/2

[Event "17th Aeroflot Open-A 2019"]
[Site "Moscow"]
[Date "2019.02.27"]
[Round "9.6"]
[White "Wei, Yi"]
[Black "Yuffa, Daniil"]
[Result "1-0"]
[ECO "E20"]
[WhiteElo "2733"]
[BlackElo "2578"]
[Annotator "ChessBase"]
[PlyCount "75"]
[EventDate "2019.02.19"]
[EventCountry "RUS"]
[SourceTitle "playchess.com"]
[Source "ChessBase"]
[SourceQuality "1"]
[TimeControl "40/5400+30:1800+30"]

1. d4 Nf6 2. c4 e6 3. Nc3 Bb4 4. f3 d5 5. a3 Be7 6. e4 dxe4 7. fxe4 e5 8. d5 O-O 9. Nf3 Nbd7 10. Bd3 Nc5 11. Bc2 a5 12. O-O Bg4 13. Be3 Bh5 14. h3 Ra6 15. b3 Bg6 16. Nxe5 Bxe4 17. Nxe4 Ncxe4 18. Qf3 Nc5 19. Bd4 Ncd7 20. Nxd7 Nxd7 21. b4 axb4 22. axb4 Bf6 23. Rxa6 Bxd4+ 24. Kh1 bxa6 25. Qe4 Re8 26. Qxh7+ Kf8 27. Qh8+ Ke7 28. Qh4+ Bf6 29. Re1+ Kd6 30. c5+ Nxc5 31. Qf4+ Kd7 32. Bf5+ Ne6 33. dxe6+ Ke7 34. Qg4 Kf8 35. Rd1 Qb8 36. exf7 Re5 37. Bg6 Rg5 38. Re1 1-0

[Event "17th Aeroflot Open-A 2019"]
[Site "Moscow"]
[Date "2019.02.27"]
[Round "9.7"]
[White "Zhou, Jianchao"]
[Black "Korobov, Anton"]
[Result "1/2-1/2"]
[ECO "D45"]
[WhiteElo "2615"]
[BlackElo "2687"]
[Annotator "RC"]
[PlyCount "70"]
[EventDate "2019.02.19"]
[EventCountry "RUS"]
[SourceTitle "playchess.com"]
[Source "ChessBase"]
[SourceQuality "1"]
[TimeControl "40/5400+30:1800+30"]

1. d4 d5 2. c4 c6 3. Nf3 Nf6 4. Nc3 e6 5. e3 Nbd7 6. Qc2 Bd6 7. Bd3 O-O 8. O-O dxc4 9. Bxc4 b5 10. Be2 Bb7 11. Bd2 Re8 12. Ng5 Bf8 13. Bf3 Rc8 14. Nce4 h6 15. Nxf6+ Nxf6 16. Ne4 Nxe4 17. Bxe4 a5 18. a3 b4 19. Qa4 Bd6 20. axb4 axb4 21. Bxb4 Ra8 22. Ba5 Bxh2+ 23. Kxh2 Qh4+ 24. Kg1 Qxe4 25. Qb3 Ba6 26. Rfc1 Bb5 27. Qd1 Qg6 28. Bc7 h5 29. Bg3 Qh7 30. Rxa8 Rxa8 31. Ra1 Rxa1 32. Qxa1 Qe4 33. Qe1 f6 34. f3 Qc2 35. b4 Qe2 1/2-1/2

[Event "17th Aeroflot Open-A 2019"]
[Site "Moscow"]
[Date "2019.02.27"]
[Round "9.8"]
[White "Maghsoodloo, Parham"]
[Black "Vaibhav, Suri"]
[Result "1/2-1/2"]
[ECO "A46"]
[WhiteElo "2666"]
[BlackElo "2575"]
[Annotator "ChessBase"]
[PlyCount "122"]
[EventDate "2019.02.19"]
[EventCountry "RUS"]
[SourceTitle "playchess.com"]
[Source "ChessBase"]
[SourceQuality "1"]
[TimeControl "40/5400+30:1800+30"]

1. d4 Nf6 2. Nf3 e6 3. Bg5 c5 4. e3 cxd4 5. exd4 Be7 6. Bd3 b6 7. O-O Bb7 8. Nbd2 O-O 9. Re1 Nc6 10. c3 Nd5 11. Bxe7 Ncxe7 12. Bf1 Nf6 13. a4 a6 14. Qb3 Rb8 15. Qa3 d6 16. Ng5 Qc7 17. f3 Rfd8 18. Nge4 Ne8 19. Nf2 e5 20. a5 b5 21. dxe5 dxe5 22. Nb3 Rbc8 23. Nd3 Rd5 24. Rac1 e4 25. fxe4 Rh5 26. e5 Ng6 27. Qc5 Qb8 28. Qb6 Rc6 29. Qe3 f6 30. Nd4 Rc8 31. Be2 Rg5 32. Nf3 Bxf3 33. Bxf3 Nxe5 34. Nxe5 Rxe5 35. Qf2 b4 36. Rxe5 Qxe5 37. Bg4 Rb8 38. cxb4 Rxb4 39. Re1 Re4 40. Rxe4 Qxe4 41. h3 Nc7 42. Qd2 Qe5 43. Be2 h5 44. Kf1 Kh7 45. Ke1 g5 46. Kd1 Kg6 47. Qc2+ Kh6 48. Bxh5 f5 49. Be2 Qxa5 50. Qc6+ Kg7 51. Qd7+ Kf6 52. Qd8+ Ke5 53. Qxg5 Nd5 54. Qg7+ Ke4 55. Qb7 Kd4 56. Qa7+ Ke4 57. Bf3+ Kd3 58. Be2+ Ke4 59. Qb7 Kd4 60. Qg7+ Ke4 61. Qb7 Ke5 1/2-1/2

[Event "17th Aeroflot Open-A 2019"]
[Site "Moscow"]
[Date "2019.02.27"]
[Round "9.9"]
[White "Lupulescu, Constantin"]
[Black "Sjugirov, Sanan"]
[Result "1/2-1/2"]
[ECO "D85"]
[WhiteElo "2610"]
[BlackElo "2663"]
[Annotator "ChessBase"]
[PlyCount "153"]
[EventDate "2019.02.19"]
[EventCountry "RUS"]
[SourceTitle "playchess.com"]
[Source "ChessBase"]
[SourceQuality "1"]
[TimeControl "40/5400+30:1800+30"]

1. d4 Nf6 2. c4 g6 3. Nc3 d5 4. cxd5 Nxd5 5. e4 Nxc3 6. bxc3 Bg7 7. Nf3 c5 8. Be3 Qa5 9. Nd2 O-O 10. Be2 b6 11. O-O Ba6 12. Rc1 Qxa2 13. Ra1 Bxe2 14. Qxe2 Qe6 15. d5 Qc8 16. Ra3 e6 17. Nc4 Nd7 18. dxe6 fxe6 19. f4 Nf6 20. e5 Nd5 21. Nd6 Qc6 22. c4 Ne7 23. Rd1 a6 24. h4 b5 25. h5 gxh5 26. Qxh5 Nf5 27. Bc1 Nxd6 28. exd6 Kh8 29. d7 Rad8 30. cxb5 axb5 31. Rh3 Qe4 32. Qxc5 e5 33. Re3 Qb7 34. Qd5 Qxd5 35. Rxd5 exf4 36. Re4 Bf6 37. Bxf4 Rf7 38. Bh6 Re7 39. Rxe7 Bxe7 40. Be3 Rb8 41. Re5 Bd8 42. Re8+ Kg7 43. Bg5 Bb6+ 44. Kh2 Rb7 45. d8=Q Bxd8 46. Rxd8 b4 47. Bc1 Kg6 48. Rd5 b3 49. Bb2 Rb6 50. Kh3 h5 51. Kg3 Kh6 52. Kf4 Kg6 53. Rg5+ Kh6 54. Rg8 Kh7 55. Rh8+ Kg6 56. Rg8+ Kh7 57. Rg3 Kh6 58. Re3 Kg6 59. Re4 Rc6 60. g3 Rc2 61. Bd4 Rc4 62. Ke5 Rb4 63. Re2 Kg5 64. Rb2 Kg4 65. Bf2 Kf3 66. Kd5 Rb7 67. Kc4 Rc7+ 68. Bc5 Kxg3 69. Rxb3+ Kg2 70. Kd5 Rxc5+ 71. Kxc5 h4 72. Kd4 h3 73. Rb2+ Kg3 74. Ke3 h2 75. Rb1 Kg2 76. Rh1 Kxh1 77. Kf2 1/2-1/2

[Event "17th Aeroflot Open-A 2019"]
[Site "Moscow"]
[Date "2019.02.27"]
[Round "9.10"]
[White "Anton Guijarro, David"]
[Black "Petrosyan, Manuel"]
[Result "1-0"]
[ECO "A28"]
[WhiteElo "2642"]
[BlackElo "2564"]
[Annotator "ChessBase"]
[PlyCount "85"]
[EventDate "2019.02.19"]
[EventCountry "RUS"]
[SourceTitle "playchess.com"]
[Source "ChessBase"]
[SourceQuality "1"]
[TimeControl "40/5400+30:1800+30"]

1. c4 e5 2. Nc3 Nf6 3. Nf3 Nc6 4. e4 Bd6 5. a3 O-O 6. d3 a5 7. Be2 Re8 8. Be3 h6 9. O-O Ng4 10. h3 Nxe3 11. fxe3 Bc5 12. d4 Ba7 13. Nb5 d6 14. Bd3 Bb8 15. Qb3 a4 16. Qc2 Ne7 17. Nc3 Bd7 18. Rad1 Ng6 19. Kh1 Rf8 20. Qf2 Ra5 21. Bc2 Ba7 22. c5 dxc5 23. dxe5 Qc8 24. Nd5 Bb5 25. Rfe1 Re8 26. e6 fxe6 27. Nc3 Rf8 28. Nxb5 Rxb5 29. Bxa4 Rb6 30. Qg3 Kh7 31. e5 Rxb2 32. Bd7 Qd8 33. Bxe6 Qe8 34. Bc4 Rb6 35. Rb1 Kh8 36. Rxb6 Bxb6 37. e6 Rf6 38. Ne5 Nf8 39. Nf7+ Kh7 40. Qh4 Qe7 41. Qe4+ Kg8 42. Rd1 Rf2 43. Rd7 1-0

[Event "17th Aeroflot Open-A 2019"]
[Site "Moscow"]
[Date "2019.02.27"]
[Round "9.12"]
[White "Ganguly, Surya Shekhar"]
[Black "Hakobyan, Aram"]
[Result "1/2-1/2"]
[ECO "B01"]
[WhiteElo "2636"]
[BlackElo "2545"]
[Annotator "ChessBase"]
[PlyCount "85"]
[EventDate "2019.02.19"]
[EventCountry "RUS"]
[SourceTitle "playchess.com"]
[Source "ChessBase"]
[SourceQuality "1"]
[TimeControl "40/5400+30:1800+30"]

1. e4 d5 2. exd5 Qxd5 3. Nc3 Qd8 4. d4 Nf6 5. Nf3 g6 6. Bc4 Bg7 7. O-O O-O 8. h3 a6 9. a4 Nc6 10. Re1 e6 11. Bf4 b6 12. Qe2 Bb7 13. Rad1 Ne7 14. Ne5 Nfd5 15. Nxd5 Nxd5 16. Bg3 Qe7 17. c3 Rfd8 18. Bb3 Rac8 19. Bc4 Ra8 20. h4 h5 21. Bd3 Bf6 22. Be4 c6 23. c4 Nb4 24. Qf3 Rac8 25. a5 b5 26. b3 Kg7 27. Qc3 bxc4 28. bxc4 c5 29. Bxb7 Qxb7 30. dxc5 Nc6 31. Qf3 Nxa5 32. Rxd8 Rxd8 33. c6 Qb3 34. c7 Rc8 35. Nd7 Qxf3 36. gxf3 e5 37. Rxe5 Bxe5 38. Bxe5+ f6 39. Nb6 fxe5 40. Nxc8 Nxc4 41. Kf1 Kf6 42. Ke2 Ke6 43. Kd3 1/2-1/2

[Event "17th Aeroflot Open-A 2019"]
[Site "Moscow"]
[Date "2019.02.27"]
[Round "9.13"]
[White "Fedoseev, Vladimir"]
[Black "Nihal Sarin"]
[Result "1/2-1/2"]
[ECO "A45"]
[WhiteElo "2715"]
[BlackElo "2578"]
[Annotator "RC"]
[PlyCount "37"]
[EventDate "2019.02.19"]
[EventCountry "RUS"]
[SourceTitle "playchess.com"]
[Source "ChessBase"]
[SourceQuality "1"]
[TimeControl "40/5400+30:1800+30"]

1. d4 Nf6 2. Bg5 d5 3. e3 c5 4. c3 Nc6 5. Nd2 cxd4 6. exd4 h6 7. Bxf6 gxf6 8. Bb5 Qb6 9. Qb3 a6 10. Ba4 Qxb3 11. axb3 Bd7 12. Ngf3 e6 13. b4 Bd6 14. O-O Ke7 15. Rfe1 Rhc8 16. Ra2 Ra7 17. Nf1 b5 18. Bb3 Kf8 19. Rea1 1/2-1/2